 Dungeon Crawl Stone Soup version 0.28-a0-932-g843f935a50 (webtiles) character file.

Game seed: 12084166072032027439

46 ders the Digger (level 3, 0/19 HPs)
             Began as a Gargoyle Earth Elementalist on Nov 27, 2021.
             Slain by a black bear (3 damage)
             ... on level 3 of the Dungeon.
             The game lasted 00:02:40 (2704 turns).

ders the Digger (Gargoyle Earth Elementalist)       Turns: 2704, Time: 00:02:40

Health: 0/19       AC:  5    Str: 11    XL:     3   Next: 68%
Magic:  0/6        EV: 11    Int: 16    God:
Gold:   78         SH:  0    Dex: 10    Spells: 3/7 levels left

rFire   . . .      SeeInvis .   c - +0 dagger
rCold   . . .      Faith    .   (no shield)
rNeg    + . .      Spirit   .   b - +0 robe
rPois   ∞          Reflect  .   (no helmet)
rElec   +          Harm     .   (no cloak)
rCorr   .          Rampage  .   (no gloves)
Will    .....                   (no boots)
Stlth   ++........              (no amulet)
HPRegen 0.06/turn               (no ring)
MPRegen 0.10/turn               (no ring)

@: no status effects
A: sickness immunity, AC +3, negative energy resistance 1, electricity
resistance, torment resistance 1, petrification resistance
a: no special abilities


You were on level 3 of the Dungeon.
You visited 1 branch of the dungeon, and saw 3 of its levels.

You collected 78 gold pieces.

Inventory:

Hand Weapons
 c - a +0 dagger (weapon)
Armour
 b - a +0 robe (worn)
Jewellery
 e - a ring of wizardry
 f - a ring of ice
Scrolls
 a - 5 scrolls of identify {unknown}
 d - a scroll of enchant weapon {unknown}
 g - a scroll of teleportation {unknown}
 h - a scroll of magic mapping {unknown}
Potions
 i - a potion of brilliance {unknown}


   Skills:
 - Level 1.5 Dodging
 - Level 2.1 Stealth
 + Level 2.6 Spellcasting
 + Level 1.8 Conjurations
 - Level 0.7 Transmutations
 + Level 4.3 Earth Magic


You had 3 spell levels left.
You knew the following spells:

 Your Spells              Type           Power      Damage    Failure   Level
a - Sandblast             Erth           32%        2d9       3%          1
b - Stone Arrow           Conj/Erth      24%        3d8       16%         3

Your spell library contained the following spells:

 Spells                   Type           Power      Damage    Failure   Level
 Passwall                 Tmut/Erth      8%         N/A       11%         2
 Static Discharge         Conj/Air       5%         N/A       21%         2
 Conjure Flame            Conj/Fire      5%         6-21      36%         3
 Ignite Poison            Fire/Tmut/Pois 2%         N/A       47%         3
 Petrify                  Tmut/Erth      10%        N/A       56%         4
 Sticky Flame             Conj/Fire      5%         2d3       78%         4
 Dispel Undead            Necr           2%         3d7       89%         4


Dungeon Overview and Level Annotations

Branches:
Dungeon (3/15)

Altars:
Fedhas

Annotations:
D:3 Terence


Innate Abilities, Weirdness & Mutations

You are immune to sickness and miasma.
Your stone body is resilient. (AC +3)
You are immune to poison.
You resist negative energy. (rN+)
You are resistant to electric shocks. (rElec)
You are resistant to unholy torment.
You are immune to petrification.


Message History

Unknown command.
You see here a +0 ring mail.
You start resting.
Magic restored.
A black bear comes into view.
The black bear growls angrily.
Casting: Stone Arrow (extremely dangerous; 16% risk of failure)
Confirm with . or Enter, or press ? or * to list all spells.
Aiming: Stone Arrow (extremely dangerous; 16% risk of failure)
Press: ? - help, Shift-Dir - straight line, f - black bear
Aim: a black bear (77% to hit)
The stone arrow hits the black bear!
The black bear is heavily wounded.
Unknown command.
Casting: Stone Arrow (extremely dangerous; 16% risk of failure)
Confirm with . or Enter, or press ? or * to list all spells.
Aiming: Stone Arrow (extremely dangerous; 16% risk of failure)
Press: ? - help, Shift-Dir - straight line, f/p - black bear
Aim: a black bear (heavily wounded, 77% to hit)
The stone arrow hits the black bear!
The black bear is severely wounded.
Unknown command.
You barely miss the black bear.
The black bear is severely wounded.
The black bear bites you.
The black bear claws you but does no damage.
The black bear claws you.
The black bear goes berserk!
The black bear rages.
You hit the black bear.
The black bear is severely wounded.
The black bear bites you. The black bear claws you. x2
You hit the black bear.
The black bear is severely wounded.
The black bear bites you.
* * * LOW HITPOINT WARNING * * *
The black bear claws you.
* * * LOW HITPOINT WARNING * * *
The black bear barely misses you. The black bear bites you.
You die...

........## ....g....
........# ........#
.......## ########
##...<..##
##########........##
#..................#
.#.......h@.........#
.............†......#
#............)......#
##..................#
#.................##
#.................##
#####.###..........#
#. #..........#
#.###.....[...>#


You could see a black bear (berserk).

Vanquished Creatures
  A worm (D:2)
  2 dart slugs
  A bat (D:1)
  5 endoplasms
  3 hobgoblins
  10 jackals
  A quokka (D:1)
  3 ball pythons
  A frilled lizard (D:3)
  2 goblins
  2 kobolds
  3 rats
34 creatures vanquished.

Notes
Turn   | Place    | Note
-------+----------+-------------------------------------------
     0 | D:1      | ders the Gargoyle Earth Elementalist began the quest for
                  | the Orb.
     0 | D:1      | Reached XP level 1. HP: 10/10 MP: 3/3
   483 | D:1      | Reached XP level 2. HP: 15/15 MP: 0/5
   599 | D:1      | Reached skill level 1 in Conjurations
   693 | D:1      | Reached skill level 4 in Earth Magic
  1411 | D:2      | Reached XP level 3. HP: 19/19 MP: 4/6
  1415 | D:2      | Learned a level 3 spell: Stone Arrow
  1462 | D:2      | Found a blossoming altar of Fedhas.
  2644 | D:3      | Noticed Terence
  2694 | D:3      | Noticed a black bear
  2704 | D:3      | Slain by a black bear

Illustrated notes

Levels and vault maps discovered:
D:1:      lemuel_arrival_river_bridge, layout_basic,
          shapermc_ecumenical_altar_petra, serial_park_tiny_1,
          palyth_stone_intersect
D:2:      layout_basic, basic_altar
D:3:      wad_lake_hut, layout_rooms, uniq_terence

Skill      XL: |  1  2 |
---------------+-------+-----
Conjurations   | 1 |  1.8
Earth Magic    | 4 |  4.3
Dodging        | |  1.5
Stealth        | |  2.1
Spellcasting   | |  2.6
Transmutations | |  0.7

Action                   || total
-------------------------++-------
Melee: Unarmed           ||    32
       Dagger            ||    14
 Cast: Sandblast         ||    51
       Stone Arrow       ||     5
Armor: Robe              ||    52
Dodge: Dodged            ||    81

Table legend: (Time is in decaauts)
 A = Elapsed time spent in this place.
 B = Non-inter-level travel time spent in this place.
 C = Inter-level travel time spent in this place.
 D = Time resting spent in this place.
 E = Time spent auto-exploring this place.
 F = Levels seen in this place.
 G = Mean time per level.
                   A        B        C        D        E       F      G
               +--------+--------+--------+--------+--------+-----+--------+
         Total |   2711 |   2636 |     75 |    888 |   1340 |   3 |  903.7 |
       Dungeon |   2711 |   2636 |     75 |    888 |   1340 |   3 |  903.7 |
               +--------+--------+--------+--------+--------+-----+--------+

Top non-repeatable levels by time:
     D:2: 1306 daAuts
     D:1: 1221 daAuts
     D:3: 184 daAuts
